 Dungeon Crawl Stone Soup version 0.13-a0-2923-g04ac8d1 (webtiles) character file.

12390 PolkaDot the Cloud Mage (level 11, -8/66 HPs)
             Began as a Vampire Wizard on Sept 2, 2013.
             Was an Elder of Vehumet.
             Mangled by a hill giant
             ... wielding a cursed -2,-1 giant club
              (30 damage)
             ... on Level 11 of the Dungeon.
             The game lasted 01:56:01 (13039 turns).

PolkaDot the Cloud Mage (Vampire Wizard)           Turns: 13039, Time: 01:56:26

HP  -8/66        AC 15     Str  6      XL: 11   Next: 55%
MP  15/34        EV 12     Int 23      God: Vehumet [****..]
Gold 479         SH  0     Dex 12      Spells:  5 memorised,  2 levels left

Res.Fire  : . . .   See Invis. : +   y - +7,+12 long sword of Xyohesher {vamp, Hung Res.Cold : + + + Warding : . a - +0 robe Life Prot.: + + + Conserve : . (no shield)
Res.Poison: +       Res.Corr.  : .   b - +0 wizard hat
Res.Elec. : .       Clarity    : .   r - +2 cloak (curse)
Sust.Abil.: . .     Spirit.Shd : .   s - +2 pair of gauntlets
Res.Mut.  : .       Stasis     : .   j - +2 pair of boots
Res.Rott. : +       Flight     : .   (no amulet)
Saprovore : . . .                    t - +4 ring of protection
                                     v - ring of magical power

@: regenerating slowly, somewhat resistant to hostile enchantments, stealthy
A: bottle blood, fangs 3, see invisible, unbreathing
a: Bat Form, Bottle Blood, Renounce Religion, Evoke Blink


You were on level 11 of the Dungeon.
You worshipped Vehumet.
Vehumet was extremely pleased with you.
You were near bloodless.

You visited 2 branches of the dungeon, and saw 12 of its levels.

You collected 487 gold pieces.
You spent 28 gold pieces at shops.

Inventory:

Hand weapons
 u - the -1,+4 spear of Instant Death (quivered) {freeze, Stlth++}
   (You found it on level 5 of the Dungeon)

   It has been specially enchanted to freeze those struck by it, causing extra
   injury to most foes and up to double damage against particularly susceptible
   opponents.
   It can also slow down cold-blooded creatures.
   It makes you much more stealthy.
 y - the +7,+12 long sword of Xyohesher (weapon) {vamp, Hunger+ +Blink rC+}
   (You took it off an orc warrior on level 10 of the Dungeon)

   It inflicts no extra harm, but heals its wielder somewhat when it strikes a
   living foe.
   It protects you from cold.
   It lets you blink.
   It greatly speeds your metabolism.
Armour
 a - a +0 robe (worn)
 b - a +0 wizard hat (worn)
 j - a +2 pair of boots (worn)
 m - a +0 buckler
 r - a cursed +2 cloak (worn)
 s - a +2 pair of gauntlets (worn)
 A - the +1 leather armour "Dopo" {+Fly rElec MR++ SInv}
   (You found it on level 6 of the Dungeon)

   It insulates you from electricity.
   It affects your resistance to hostile enchantments.
   It enhances your eyesight.
   It lets you fly.
Magical devices
 q - a wand of flame (2)
 F - a wand of enslavement (14)
 I - a wand of lightning (10) {unknown}
 M - a wand of frost (6)
Scrolls
 e - 11 scrolls of identify
 h - 7 scrolls of remove curse
 i - a scroll of curse jewellery {unknown}
 k - 3 scrolls of teleportation
 l - 2 scrolls of enchant armour {unknown}
 n - 2 scrolls of magic mapping {unknown}
 o - a scroll of random uselessness {unknown}
 p - a scroll of blinking {unknown}
 x - a scroll of curse armour {unknown}
 z - a scroll of silence {unknown}
 C - 2 scrolls of recharging {unknown}
 D - a scroll of amnesia {unknown}
 E - 2 scrolls of fog {unknown}
 G - a scroll of noise {unknown}
 H - a scroll of enchant weapon I {unknown}
Jewellery
 g - an uncursed ring of protection from cold
 t - a +4 ring of protection (right hand)
 v - a ring of magical power (left hand)
 w - an uncursed ring of ice
 J - an uncursed ring of poison resistance
Potions
 f - 2 potions of heal wounds
 B - a potion of curing
 L - a potion of speed
 N - a potion of brilliance
 O - a potion of magic
Books
 c - a book of Minor Magic

   Spells                             Type                      Level
   *Magic Dart                        Conjuration                  1
   Blink                              Translocation                2
   Call Imp                           Summoning                    2
   Repel Missiles                     Charms/Air                   2
   Slow                               Hexes                        2
   *Conjure Flame                     Conjuration/Fire             3
   *Mephitic Cloud                    Conjuration/Poison/Air       3
 d - a book of Clouds

   Spells                             Type                      Level
   *Mephitic Cloud                    Conjuration/Poison/Air       3
   *Conjure Flame                     Conjuration/Fire             3
   *Poisonous Cloud                   Conjuration/Poison/Air       6
   *Freezing Cloud                    Conjuration/Ice/Air          6
   Ring of Flames                     Charms/Fire                  7
 K - a book of the Sky

   Spells                             Type                      Level
   Flight                             Charms/Air                   3
   Airstrike                          Air                          4
   Silence                            Hexes/Air                    5
   Deflect Missiles                   Charms/Air                   6
   Conjure Ball Lightning             Conjuration/Air              7
   Tornado                            Air                          9


   Skills:
 - Level 2.1 Dodging
 - Level 3.0 Stealth
 + Level 5.9 Spellcasting
 - Level 8.3 Conjurations
   Level 1.0 Summonings
   Level 0.7 Translocations
 * Level 6.0 Ice Magic
 - Level 10.2 Air Magic
 - Level 6.7 Poison Magic


You had 2 spell levels left.
You knew the following spells:

 Your Spells              Type           Power        Failure   Level  Hunger
a - Magic Dart            Conj           ####         1%          1    None
b - Freezing Cloud        Conj/Ice/Air   #####.....   16%         6    ######.
d - Mephitic Cloud        Conj/Pois/Air  #####...     1%          3    ##.....
f - Poisonous Cloud       Conj/Pois/Air  #####.....   16%         6    ######.
s - Conjure Flame         Conj/Fire      ####....     1%          3    ##.....


Dungeon Overview and Level Annotations

Branches:
Dungeon (11/27)            Temple (1/1) D:5             Orc (0/4) D:10
   Lair: D:8-13

Altars:
Ashenzari
Cheibriados
Elyvilon
Fedhas
Kikubaaqudgha
Makhleb
Nemelex Xobeh
Okawaru
Sif Muna
Trog
Vehumet
Xom
Yredelemnul
Zin
the Shining One

Shops:
D:9 ?

Annotations:
D:8 exclusion: 2 oklob saplings, Maurice
D:9 exclusions: oklob plant and oklob sapling


Innate Abilities, Weirdness & Mutations

You heal slowly.
You can bottle blood from corpses.
You have razor-sharp teeth.*
You have supernaturally acute eyesight.
You can survive without breathing.*


Message History

The yak is engulfed in poison gas.
The yak looks even sicker.
The cyclops is engulfed in poison gas.
The cyclops looks even sicker.
Drink which item? (? for menu, Esc to quit)
You feel much better.
The hill giant is engulfed in poison gas.
The hill giant looks even sicker.
The hill giant hits you but does no damage.
The yak looks even sicker.
The crimson imp picks up 14 stones.
The cyclops is engulfed in poison gas.
The cyclops looks even sicker.
The goliath beetle is engulfed in poison gas.
The goliath beetle is poisoned.
Drink which item? (? for menu, Esc to quit)
You feel much better.
The unseen horror is poisoned.
The unseen horror is engulfed in poison gas.
The unseen horror looks even sicker.
The yak is engulfed in poison gas.
The crimson imp blinks!
The hill giant is engulfed in poison gas.
The hill giant looks even sicker.
The hill giant hits you with a giant club!
You die...

.........................#
.....................##.##
...............)......###
##......##..####%....##
##........## ##..###
#.......# #.## .....# #.#
.#### ##.# #@§# #C#§#
Z5##§#


ZYC§ .# .gxB§ # #...§?# ##5?[## ##### You could see a hill giant, a goliath
beetle, a cyclops, a yak, an unseen horror (invisible), 2 crimson imps, a
cyclops zombie, a hobgoblin and a yak skeleton.

Vanquished Creatures
  Fannar (D:11)
  2 hill giants (D:11)
  An unseen horror (D:11)
  Prince Ribbit (D:4)
  4 wandering mushrooms (D:8)
  A hydra skeleton (D:7)
  A two-headed ogre (D:10)
  6 yaks (D:9)
  A hungry ghost (D:8)
  A wyvern (D:11)
  Eustachio (D:8)
  A steam dragon (D:10)
  A hill giant skeleton (D:8)
  4 hippogriffs
  3 necrophages
  3 orc warriors
  2 black bears
  7 sky beasts
  5 ogres
  11 centaurs
  3 phantoms
  Sigmund (D:4)
  Duvessa (D:8)
  A water moccasin (D:9)
  7 giant frogs
  2 insubstantial wisps (D:10)
  A troll zombie (D:10)
  9 killer bees
  A spectral elf (D:9)
  A hippogriff skeleton (D:7)
  10 wights
  Dowan (D:8)
  8 goliath beetles
  A giant frog zombie (D:8)
  2 spiders (D:9)
  2 crimson imps
  A centaur zombie (D:8)
  A soldier ant zombie (D:6)
  A jelly (D:5)
  Crazy Yiuf (D:4)
  A gnoll shaman (D:5)
  5 orc priests
  3 iguanas
  4 orc wizards
  A giant frog skeleton (D:9)
  A black bear skeleton (D:10)
  6 hounds
  4 scorpions
  6 worker ants
  A killer bee zombie (D:10)
  Ijyb (D:7)
  A sky beast zombie (D:11)
  A big kobold skeleton (D:7)
  An ogre skeleton (D:4)
  A mummy (D:11)
  2 hound skeletons
  15 adders
  10 gnolls
  A green rat (D:8)
  2 giant mites
  An inept item mimic (D:6)
  5 worms
  An iguana zombie (D:5)
  An adder skeleton (D:6)
  2 giant eyeballs
  An ooze (D:1)
  36 orcs
  8 ball pythons
  17 bats
  A bat zombie (D:8)
  16 goblins
  13 hobgoblins
  6 jackals
  8 kobolds
  6 quokkas
  5 giant cockroaches
  8 giant geckos
  7 giant newts
  A giant newt skeleton (D:4)
  9 rats
  A rat zombie (D:6)
  A butterfly (D:9)
  A fungus (D:4)
334 creatures vanquished.

Vanquished Creatures (others)
  2 butterflies (D:9)
  A plant (D:9)
3 creatures vanquished.

Grand Total: 337 creatures vanquished

Notes
Turn   | Place    | Note
--------------------------------------------------------------
     0 | D:1      | PolkaDot, the Vampire Wizard, began the quest for the Orb.
     0 | D:1      | Reached XP level 1. HP: 11/11 MP: 6/6
    92 | D:1      | Reached skill level 1 in Conjurations
   483 | D:1      | Reached XP level 2. HP: 17/17 MP: 5/8
  1160 | D:2      | Reached XP level 3. HP: 20/22 MP: 1/10
  1179 | D:2      | Learned a level 3 spell: Conjure Flame
  1183 | D:2      | Learned a level 3 spell: Mephitic Cloud
  1890 | D:3      | Reached XP level 4. HP: 28/28 MP: 9/12
  2036 | D:3      | Found a shimmering altar of Xom.
  2638 | D:3      | Found an iron altar of Okawaru.
  2766 | D:3      | Reached XP level 5. HP: 33/33 MP: 0/13
  3055 | D:4      | Reached skill level 4 in Conjurations
  3055 | D:4      | Reached skill level 1 in Air Magic
  3099 | D:4      | Noticed Prince Ribbit
  3174 | D:4      | Killed Prince Ribbit
  3174 | D:4      | Reached XP level 6. HP: 18/39 MP: 11/15
  3342 | D:4      | Noticed a phantom
  3403 | D:4      | Killed a phantom
  3403 | D:4      | Reached skill level 5 in Conjurations
  3403 | D:4      | Reached skill level 1 in Poison Magic
  3403 | D:4      | Reached XP level 7. HP: 44/44 MP: 3/17
  3565 | D:4      | Noticed Sigmund
  3584 | D:4      | Killed Sigmund
  4295 | D:4      | Noticed Crazy Yiuf
  4307 | D:4      | Killed Crazy Yiuf
  4476 | D:5      | Entered Level 5 of the Dungeon
  4544 | D:5      | Found a staircase to the Ecumenical Temple.
  4610 | D:5      | Found a blossoming altar of Fedhas.
  4757 | Temple   | Entered the Ecumenical Temple
  4809 | Temple   | Became a worshipper of Vehumet
  4871 | D:5      | Got an ichor-stained spear
  4874 | D:5      | Identified the cursed spear of Instant Death {freeze, Stlth++} (You found it on level 5 of the Dungeon)
  4913 | D:5      | Reached XP level 8. HP: 50/50 MP: 8/18
  5565 | D:6      | Reached skill level 5 in Air Magic
  5641 | D:6      | Acquired Vehumet's first power
  5641 | D:6      | Offered knowledge of Freeze by Vehumet.
  5738 | D:6      | Found a sparkling altar of Nemelex Xobeh.
  5827 | D:6      | Reached skill level 6 in Air Magic
  5994 | D:6      | Got a transparent leather armour
  6002 | D:6      | Identified the +1 leather armour "Dopo" {+Fly rElec MR++ SInv} (You found it on level 6 of the Dungeon)
  6207 | D:6      | Paralysed by a giant eyeball for 2 turns
  6536 | D:6      | Reached XP level 9. HP: 26/55 MP: 3/19
  6809 | D:6      | Reached skill level 7 in Air Magic
  7222 | D:7      | Offered knowledge of Shock by Vehumet.
  7235 | D:7      | Noticed Ijyb
  7258 | D:7      | Killed Ijyb
  7451 | D:7      | Reached skill level 5 in Poison Magic
  7643 | D:7      | Offered knowledge of Static Discharge by Vehumet.
  7647 | D:7      | Reached skill level 8 in Air Magic
  8320 | D:8      | Paralysed by a potion of paralysis for 2 turns
  8582 | D:8      | Found a blossoming altar of Fedhas.
  8743 | D:8      | Reached XP level 10. HP: 61/61 MP: 20/20
  8875 | D:8      | Found a deep blue altar of Sif Muna.
  8901 | D:8      | Found a snail-covered altar of Cheibriados.
  9080 | D:8      | Reached skill level 9 in Air Magic
  9132 | D:8      | Acquired Vehumet's second power
  9142 | D:8      | Noticed Duvessa
  9142 | D:8      | Noticed Dowan
  9145 | D:8      | Killed Duvessa
  9152 | D:8      | Killed Dowan
  9189 | D:8      | Noticed Maurice
  9462 | D:8      | Noticed Eustachio
  9503 | D:8      | Killed Eustachio
  9647 | D:8      | Learned a level 6 spell: Poisonous Cloud
  9928 | D:9      | Found Nanegix's Magic Scroll Shop.
  9934 | D:9      | Bought a scroll of identify for 28 gold pieces
  9940 | D:9      | Noticed a five-headed hydra
  9953 | D:9      | Offered knowledge of Airstrike by Vehumet.
 10074 | D:9      | Acquired Vehumet's third power
 10098 | D:9      | Found a basalt altar of Yredelemnul.
 10209 | D:9      | Offered knowledge of Inner Flame by Vehumet.
 10382 | D:9      | Found a shattered altar of Ashenzari.
 10447 | D:9      | Found a blossoming altar of Fedhas.
 10524 | D:9      | Reached skill level 10 in Air Magic
 10601 | D:9      | Noticed an oklob plant
 10977 | D:9      | Paralysed by a giant eyeball for 3 turns
 11152 | D:10     | Entered Level 10 of the Dungeon
 11152 | D:10     | Found a staircase to the Orcish Mines.
 11155 | D:10     | Offered knowledge of Force Lance by Vehumet.
 11395 | D:10     | Reached XP level 11. HP: 66/66 MP: 21/23
 11398 | D:10     | Got a crude long sword
 11399 | D:10     | Identified the long sword of Xyohesher {vamp, Hunger+ +Blink rC+} (You took it off an orc warrior on level 10 of the Dungeon)
 11408 | D:10     | Learned a level 6 spell: Freezing Cloud
 11475 | D:10     | Reached skill level 1 in Ice Magic
 12295 | D:11     | Reached skill level 5 in Spellcasting
 12410 | D:11     | Noticed Fannar
 12514 | D:11     | Killed Fannar
 12848 | D:11     | Noticed a hill giant
 12883 | D:11     | Killed a hill giant
 12883 | D:11     | Reached skill level 5 in Ice Magic
 12884 | D:11     | Noticed an unseen horror
 12944 | D:11     | Killed an unseen horror
 12987 | D:11     | Noticed a hill giant
 13009 | D:11     | Killed a hill giant
 13034 | D:11     | Noticed a hill giant
 13034 | D:11     | Noticed an unseen horror
 13039 | D:11     | Mangled by a hill giant

Action                   |  1- 3 |  4- 6 |  7- 9 | 10-12 || total
-------------------------+-------+-------+-------+-------++-------
Melee: Unarmed           |     4 |       |       |     1 ||     5
       Dagger            |     2 |    50 |    89 |       ||   141
       Spear             |       |       |   359 |   316 ||   675
       Long sword        |       |       |       |    83 ||    83
 Cast: Magic Dart        |    71 |    60 |   121 |   110 ||   362
       Conjure Flame     |     2 |     8 |    60 |    34 ||   104
       Mephitic Cloud    |     2 |     6 |    29 |    30 ||    67
       Poisonous Cloud   |       |       |       |    43 ||    43
 Abil: Bottle Blood      |       |       |    17 |    29 ||    46
       End Transformatio |       |       |       |     2 ||     2
       Bat Form          |       |       |       |     2 ||     2
Evoke: Wand              |       |       |       |     1 ||     1
  Use: Potion            |     1 |     8 |    22 |    34 ||    65
       Scroll            |       |       |       |     8 ||     8
 Stab: Confused          |     1 |     3 |    10 |    16 ||    30
       Sleeping          |       |       |     6 |       ||     6
